Map: Acid Plant LE

Players

HellraiseR

  • Race: Protoss Protoss
  • League: Master
  • Spawn Location: 5:00

soO - Winner!

  • Race: Zerg Zerg
  • League: Master
  • Spawn Location: 11:00

Event: HomeStory Cup XVIII

VOD

Have the link to the VOD?

Description

Time

  • Played on: Nov. 23, 2018, 12:08 p.m.
  • Length: 17:02

All games in this series

Show
View Real Time Build Order
Export as new Build Order

HellraiseR Protoss 

Build Orders: Double Forge 

Get SALT Encoding   

  12  0:00  Probe  
  13  0:12  Probe  
  14  0:17  Pylon  
  14  0:21  Probe  
  15  0:31  Probe  
  16  0:38  Forge  
  16  0:42  Probe  
  17  0:55  Pylon  
  17  1:02  Probe  
  18  1:12  Pylon  
  18  1:14  Pylon  
  18  1:15  Photon Cannon  
  18  1:18  Gateway  
  18  1:20  Probe  
  18  1:24  Assimilator  
  19  1:32  Probe  
  20  1:33  Assimilator  
  20  1:36  Assimilator  
  20  1:44  Probe  
  21  1:50  Photon Cannon  
  21  2:06  Probe, Cybernetics Core  
  22  2:10  Zealot  
  24  2:32  Stalker  
  24  2:35  Photon Cannon  
  24  2:43  Robotics Facility  
  26  2:49  Shield Battery  
  24  2:52  Stalker  
  24  2:54  Shield Battery  
  26  3:13  Shield Battery  
  26  3:30  Immortal  
  30  3:55  Pylon, Forge  
  30  4:02  Shield Battery  
  30  4:05  Pylon  
  30  4:06  Immortal  
  30  4:12  Probe  
  35  4:24  Shield Battery  
  35  4:43  Warp Prism  
  37  4:48  Robotics Facility  
  37  5:11  Immortal  
  41  5:39  Immortal  
  46  5:43  Pylon  
  46  5:46  Probe  
  46  6:01  Immortal  
  43  6:19  Immortal  
  43  6:20  Probe  
  45  6:32  Probe  
  45  6:50  Immortal  
  45  6:51  Probe  
  50  7:02  Warp Prism  
  50  7:04  Probe  
  53  7:32  Warp Prism  
  53  7:35  Probe  
  52  7:48  Probe  
  51  8:00  Probe  
  52  8:08  Observer  
  53  8:13  Probe  
  53  8:15  Shield Battery  
  54  8:25  Probe  
  55  8:31  Pylon  
  55  8:49  Immortal  
  59  8:57  Immortal  
  62  9:20  Pylon  
  62  9:48  Robotics Bay  
  54  10:25  Disruptor  
  54  10:26  Disruptor  
  55  10:43  Forge  
  55  11:01  Disruptor  
  58  11:29  Probe  
  58  11:31  Disruptor  
  62  11:44  Probe  
  63  11:56  Disruptor  
  66  12:05  Probe  
  67  12:19  Nexus  
  67  12:38  Observer  
  68  12:51  Disruptor  
  70  13:02  Probe  
  63  13:14  Probe  
  63  13:17  Observer  
  62  13:23  Observer  
  62  13:26  Probe  
  63  13:38  Probe  
  64  13:50  Probe  
  61  14:02  Probe  
  66  14:11  Colossus  
  66  14:14  Probe  
  69  14:26  Probe  
  69  14:30  Probe  
  71  14:42  Probe  
  63  14:47  Pylon  
  58  14:54  Probe  
  59  15:06  Probe  
  60  15:18  Probe  
  58  15:23  Observer  
  49  15:34  Pylon  
  49  15:35  Pylon x2  
  49  15:36  Pylon  
  49  15:56  Probe  
  50  16:01  Observer  
  43  16:08  Probe  
Show
View Real Time Build Order
Export as new Build Order

soO Zerg - Winner!

Build Orders: Pool First, Ravager All-In 

Get SALT Encoding   

  12  0:01  Drone  
  13  0:12  Overlord  
  13  0:17  Drone  
  14  0:30  Drone  
  14  0:31  Drone  
  14  0:35  Drone  
  17  0:45  Spawning Pool  
  17  0:48  Drone  
  17  1:07  Extractor  
  17  1:09  Drone  
  17  1:23  Drone  
  18  1:33  Queen  
  18  1:38  Roach Warren  
  18  1:39  Zergling x4  
  21  1:43  Overlord  
  21  1:51  Drone  
  22  2:03  Overlord  
  22  2:09  Queen  
  24  2:17  Extractor  
  24  2:19  Roach  
  25  2:24  Roach  
  26  2:33  Roach  
  28  2:40  Ravager  
  28  2:42  Roach  
  28  2:43  Drone x2  
  33  2:54  Ravager  
  34  3:01  Hatchery  
  33  3:11  Ravager  
  33  3:12  Overlord  
  34  3:30  Drone, Metabolic Boost  
  35  3:42  Ravager  
  36  3:54  Roach  
  38  4:01  Roach  
  40  4:10  Roach  
  40  4:11  Overlord  
  40  4:15  Ravager  
  43  4:22  Ravager  
  44  4:28  Queen  
  44  4:29  Drone  
  44  4:30  Zergling x2  
  48  4:43  Ravager  
  46  4:46  Roach x2  
  46  4:47  Overlord  
  50  4:59  Roach  
  52  5:00  Overlord  
  49  5:14  Zergling x2  
  49  5:15  Ravager  
  49  5:16  Queen  
  49  5:17  Ravager  
  54  5:24  Zergling x6  
  57  5:38  Queen  
  57  5:40  Zergling x2  
  57  5:41  Zergling x2  
  61  5:47  Roach  
  63  5:52  Ravager  
  63  5:58  Zergling x2  
  63  5:59  Zergling x4  
  63  6:08  Zergling x4  
  63  6:18  Zergling x4  
  61  6:31  Roach  
  56  6:34  Zergling x2  
  56  6:37  Ravager  
  56  6:38  Lair  
  58  6:43  Zergling x4  
  57  6:50  Zergling x2  
  57  6:51  Zergling x2  
  57  7:02  Zergling x2  
  57  7:03  Roach  
  59  7:14  Zergling x6  
  57  7:24  Ravager  
  57  7:25  Ravager  
  57  7:36  Queen  
  59  7:46  Nydus Network  
  54  7:59  Roach x2  
  58  8:20  Drone  
  58  8:21  Drone  
  58  8:26  Nydus Canal  
  60  8:28  Ravager x2  
  62  8:34  Overlord  
  62  8:40  Overseer  
  58  8:45  Zergling x6  
  58  8:46  Zergling x6  
  61  8:56  Queen  
  59  9:25  Nydus Canal  
  59  9:27  Roach x3  
  59  9:30  Zergling x2  
  66  9:39  Roach  
  66  9:40  Roach x2  
  66  9:55  Zergling x2  
  53  10:01  Ravager x4  
  53  10:05  Roach  
  60  10:07  Ravager  
  60  10:25  Overseer  
  60  10:27  Ravager  
  61  10:41  Hatchery, Roach  
  61  10:42  Roach x2  
  65  11:00  Overseer  
  65  11:02  Ravager  
  66  11:06  Overlord  
  62  11:20  Zergling x6  
  65  11:28  Roach, Zergling x4  
  67  11:49  Roach  
  67  11:53  Drone, Nydus Canal  
  70  11:55  Ravager  
  71  12:06  Zergling x4  
  71  12:09  Drone  
  71  12:11  Ravager  
  71  12:14  Zergling x6  
  76  12:16  Ravager x2  
  74  12:32  Drone  
  74  12:33  Drone  
  76  12:40  Queen  
  76  12:55  Drone  
  76  12:56  Drone  
  77  13:07  Zergling x6  
  71  13:16  Queen  
  71  13:18  Drone x2  
  61  13:38  Roach x2  
  65  13:53  Zergling x12  
  66  14:03  Zergling x6  
  66  14:04  Ravager x2  
  66  14:07  Zergling x2  
  69  14:16  Queen, Roach  
  71  14:27  Zergling x2  
  71  14:29  Queen  
  71  14:30  Drone x2  
  76  14:45  Zergling x2  
  76  14:51  Zergling x6  
  79  14:59  Drone x2  
  80  15:00  Zergling x2  
  80  15:05  Zergling x2  
  83  15:07  Zergling x2  
  83  15:10  Queen  
  85  15:18  Zergling x2  
  84  15:27  Zergling x6  
  86  15:32  Drone x2  
  86  15:35  Ravager  
  89  15:39  Overseer  
  89  15:42  Roach  
  87  15:52  Overseer  
  87  15:53  Zergling x2  
  87  15:54  Hatchery  
  86  16:09  Zergling x2  
  86  16:10  Zergling x4  
  88  16:24  Zergling x4  
  81  16:25  Zergling x2  
  81  16:26  Zergling x2  
  81  16:28  Zergling x2  
  81  16:30  Zergling x4  
  81  16:31  Zergling x2  
  85  16:38  Zergling x2  
  84  16:41  Zergling x6  
Tags
 
Add a new tag
Caveats
  • Supply blocks, unpowered buildings, or Contaminate may cause inaccurate times.
  • Supply counts are checked every 10 seconds.